 Dungeon Crawl Stone Soup version 0.22.0-16-gc6d26f6 (webtiles) character file.

12569 Daviar the Slicer (level 11, -1/58 HPs)
             Began as a Vine Stalker Chaos Knight on Aug 17, 2018.
             Slain by a minotaur
             ... wielding a +0 club
              (5 damage)
             ... in a labyrinth.
             The game lasted 00:29:45 (8914 turns).

Daviar the Slicer (Vine Stalker Chaos Knight)       Turns: 8914, Time: 00:29:46

Health: -1/58      AC: 16    Str: 20      XL:     11   Next: 95%
Magic:  0/14       EV: 12    Int: 10      God:    Xom [..*...]
Gold:   817        SH:  8    Dex: 13 (15) Spells: 10/10 levels left

rFire    . . .     SeeInvis .   l - +1 short sword (venom)
rCold    . . .     Gourm    .   C - +0 buckler
rNeg     . . .     Faith    +   q - +0 scale mail
rPois    .         Spirit   +   w - +1 helmet
rElec    .         Reflect  .   u - +0 cloak
rCorr    .         Harm     .   B - +2 pair of gloves
MR       +....                  (no boots)
Stlth    ..........             n - amulet of faith {!P}
HPRegen  0.59/turn              (no ring)
MPRegen  0.14/turn              (no ring)

@: mighty
A: fangs 3, large bone plates 1, yellow scales 1, blink, deterioration 1, dopey
1, regeneration 1, weak 1, magic shield, antimagic bite, no potion heal 3, rot
immunity
a: Blink, Renounce Religion


You were in a labyrinth.
You worshipped Xom.
You were a toy of Xom.
You were not hungry.

You visited 1 branch of the dungeon, and saw 11 of its levels.
You also visited: Labyrinth.

You collected 817 gold pieces.

Inventory:

Hand Weapons
 j - a +4 quarterstaff of speed
 l - a +1 short sword of venom (weapon)
 v - a +2 dagger of speed
Armour
 q - a +0 scale mail (worn)
 u - a +0 cloak (worn)
 w - a +1 helmet (worn)
 B - a +2 pair of gloves (worn)
 C - a +0 buckler (worn)
Jewellery
 g - an uncursed amulet of the gourmand
 n - an amulet of faith (around neck) {!P}
 D - an uncursed amulet of the acrobat
Wands
 b - a wand of paralysis (2)
 z - a wand of enslavement (12)
 A - a wand of flame (69)
 E - a wand of polymorph (15)
 F - a wand of iceblast (8)
 H - a wand of disintegration (24)
 K - a wand of random effects (29)
 M - a wand of clouds (2)
Scrolls
 d - 2 scrolls of enchant armour
 k - 4 scrolls of enchant weapon
 o - 4 scrolls of amnesia
 r - 10 scrolls of remove curse
 t - 5 scrolls of teleportation
 x - a scroll of blinking
Potions
 a - a potion of degeneration {!q!q}
 c - 3 potions of curing
 e - 2 potions of might
 f - a potion of haste
 h - 3 potions of heal wounds
 m - 2 potions of brilliance
 s - 2 potions of resistance
 N - 2 potions of flight
 O - a potion of ambrosia
Comestibles
 G - 21 rations


   Skills:
 - Level 7.3 Fighting
 - Level 9.1 Short Blades
 * Level 8.3 Staves
 - Level 7.2 Armour
 - Level 5.0 Dodging
 - Level 2.2 Shields
 - Level 3.4 Evocations


You had 10 spell levels left.
You didn't know any spells.
Your spell library contained the following spells:

 Spells                   Type           Power        Failure   Level  Hunger
 Fireball                 Conj/Fire      #.........   100%        5    ######.
 Conjure Flame            Conj/Fire      #.......     98%         3    ####...
 Lightning Bolt           Conj/Air       #.........   100%        5    ######.
 Throw Flame              Conj/Fire      #.....       88%         2    ###....
 Summon Small Mammal      Summ           #...         77%         1    ##.....
 Animate Dead             Necr           N/A          100%        4    #####..
 Pain                     Necr           #...         77%         1    ##.....
 Animate Skeleton         Necr           N/A          77%         1    ##.....
 Vampiric Draining        Necr           #.........   98%         3    ####...
 Sticky Flame             Conj/Fire      #.......     100%        4    #####..
 Summon Ice Beast         Ice/Summ       #.......     100%        4    #####..
 Call Imp                 Summ           #.......     88%         2    ###....
 Regeneration             Chrm/Necr      #.........   98%         3    ####...
 Shock                    Conj/Air       #...         77%         1    ##.....
 Swiftness                Chrm/Air       #.......     88%         2    ###....
 Airstrike                Air            #.........   100%        4    #####..
 Flame Tongue             Conj/Fire      #....        77%         1    ##.....
 Call Canine Familiar     Summ           #.......     98%         3    ####...
 Static Discharge         Conj/Air       #.......     98%         3    ####...
 Inner Flame              Hex/Fire       #.......     98%         3    ####...
 Summon Lightning Spire   Summ/Air       #.......     100%        4    #####..
 Summon Guardian Golem    Hex/Summ       #.......     98%         3    ####...


Dungeon Overview and Level Annotations

Branches:
Dungeon (11/15)            Temple (0/1) D:4            Lair (0/6) D:11
    Orc: D:9-12

Altars:
Elyvilon
Kikubaaqudgha
Makhleb
Nemelex Xobeh
Vehumet
Xom

Portals:
Trove: D:10 (give +3 storm dragon scales)


Innate Abilities, Weirdness & Mutations

You have razor-sharp teeth.
Your natural rate of healing is unusually fast.
When hurt, damage is shared between your health and your magic reserves.
Your bite disrupts and absorbs the magic of your enemies.
Potions cannot restore your health.
You are immune to rotting.
You are partially covered in large bone plates. (SH +4)
You are partially covered in yellow scales. (AC +2)
You can translocate small distances at will.
Your body sometimes deteriorates upon taking damage.
You are dopey. (Int -2)
You are weak. (Str -2)


Message History

The minotaur hits you with a club!
* * * LOW HITPOINT WARNING * * *
The minotaur gores you but does no damage.
You take 3 damage, and have 7/58 hp.
You regained 5 mp, and now have 10/14 mp.
You hit the minotaur.
The minotaur is moderately wounded.
Xom's power almost touches on you for a moment.
You shiver with cold.
The minotaur hits you with a club!
* * * LOW HITPOINT WARNING * * *
You block the minotaur's attack.
You take 3 damage, and have 4/58 hp.
You now have 5/14 mp.
You hit the minotaur but do no damage. Your bite misses the minotaur.
The minotaur is heavily wounded.
You hit the minotaur but do no damage.
The minotaur looks as sick as possible!
The minotaur is heavily wounded. "See what I see, my child!"
You detect items!
The minotaur hits you with a club!
You die...
Xom titters!

#### ####
#.......#
# #####.
..
.#H..#.
#.#.#@#
#.# #(#
#.# # ###
.
.#(#∆#.#
..
.#(###.#
# ## ###
#.#.(...#
. . .
...# ###
### ## #.
# ... ..
. . .
#.......
# . #####
#


You could see a minotaur.

Vanquished Creatures
  Harold (D:7)
  A two-headed ogre (D:9)
  An unseen horror (D:10)
  Joseph (D:8)
  A guardian mummy (D:10)
  2 queen bees
  Prince Ribbit (D:7)
  A hippogriff (D:7)
  A spriggan (D:8)
  A wyvern (D:9)
  12 yaks
  2 basilisks
  A hungry ghost (D:10)
  A soldier ant (D:8)
  2 water moccasins
  4 orc warriors
  2 black bears
  3 ice beasts
  2 phantoms
  An ogre (D:7)
  A sky beast (D:9)
  A tengu (D:10)
  8 centaurs
  7 bullfrogs
  2 scorpions
  12 wights
  37 killer bees
  3 jellies
  A howler monkey (D:8)
  7 crimson imps
  2 bullfrog zombies
  A centaur skeleton (D:9)
  8 orc priests
  3 hounds
  Jessica (D:2)
  2 bullfrog skeletons
  5 worker ants
  17 orc wizards
  A hound zombie (D:8)
  A hound skeleton (D:7)
  2 worker ant zombies
  Robin (D:4)
  4 gnolls
  A gnoll (shapeshifter) (D:10)
  A howler monkey skeleton (D:4)
  13 adders
  3 shadow imps
  A white imp (D:7)
  An adder skeleton (D:8)
  5 worms
  A dart slug (D:2)
  3 leopard geckos
  38 orcs
  5 giant cockroaches
  16 goblins
  6 hobgoblins
  8 jackals
  12 kobolds
  5 quokkas
  2 ball pythons
  5 bats
  6 frilled lizards
  A leopard gecko skeleton (D:7)
  8 rats
  A fire vortex (D:9)
310 creatures vanquished.

Vanquished Creatures (collateral kills)
  The ghost of Eraenoajer the Cudgeler, an amateur HuMo of Zin (D:4)
  A hippogriff (D:10)
  Menkaure (D:4)
  An ogre (D:4)
  A bullfrog (D:4)
  A killer bee (D:9)
  3 adders
9 creatures vanquished.

Vanquished Creatures (others)
  A fire vortex (D:9)
1 creature vanquished.

Grand Total: 320 creatures vanquished

Notes
Turn   | Place    | Note
-------+----------+-------------------------------------------
     0 | D:1      | Daviar the Vine Stalker Chaos Knight began the quest for the Orb.
     0 | D:1      | Reached XP level 1. HP: 11/11 MP: 2/2
    60 | D:1      | Reached skill level 1 in Dodging
    60 | D:1      | Reached XP level 2. HP: 6/16 MP: 1/3
   117 | D:1      | Reached skill level 3 in Short Blades
   740 | D:1      | XOM: harmless Summ miscast
   743 | D:1      | Reached XP level 3. HP: 13/20 MP: 4/4
  1041 | D:2      | Noticed Jessica
  1047 | D:2      | Killed Jessica
  1047 | D:2      | Gained mutation: Your natural rate of healing is unusually fast. [Vine Stalker growth]
  1047 | D:2      | Reached XP level 4. HP: 21/24 MP: 5/5
  1048 | D:2      | XOM: mild Necr miscast
  1163 | D:2      | XOM: god gift: dented beryl amulet {god gift}
  1307 | D:2      | Reached XP level 5. HP: 28/28 MP: 6/6
  1315 | D:2      | XOM: divination: magic mapping
  1423 | D:2      | XOM: harmless Ice miscast
  1711 | D:2      | Found a sparkling altar of Nemelex Xobeh.
  1750 | D:2      | XOM: divination: detect items
  1966 | D:3      | Found an ancient bone altar of Kikubaaqudgha.
  1987 | D:3      | Reached skill level 4 in Short Blades
  2030 | D:3      | XOM: divination: magic mapping
  2064 | D:3      | Found a burning altar of Makhleb.
  2082 | D:3      | Noticed a centaur
  2094 | D:3      | XOM: potion effect (magic)
  2095 | D:3      | XOM: divination: magic mapping
  2097 | D:3      | Killed a centaur
  2097 | D:3      | Reached XP level 6. HP: 16/32 MP: 7/7
  2212 | D:3      | XOM: divination: magic mapping
  2348 | D:3      | XOM: harmless Tloc miscast
  2357 | D:3      | XOM: divination: detect items
  2706 | D:3      | XOM: god gift: scale mail {god gift}
  2792 | D:4      | Noticed Robin
  2802 | D:4      | XOM: enchant monster (bad)
  2803 | D:4      | XOM: divination: detect items
  2817 | D:4      | Killed Robin
  3137 | D:4      | XOM: give mutation
  3137 | D:4      | Gained mutation: You are partially covered in large bone plates. (SH +4) [Xom's grace]
  3198 | D:4      | Reached XP level 7. HP: 35/37 MP: 8/8
  3362 | D:4      | Found a runed door.
  3370 | D:4      | Noticed Eraenoajer's ghost (amateur HuMo)
  3374 | D:4      | Noticed Menkaure
  3376 | D:4      | Killed Menkaure
  3376 | D:4      | Reached skill level 5 in Short Blades
  3386 | D:4      | Killed Eraenoajer's ghost
  3656 | D:4      | Found a staircase to the Ecumenical Temple.
  3701 | D:5      | Entered Level 5 of the Dungeon
  3751 | D:5      | XOM is BORED!
  3751 | D:5      | XOM: summons 3 hostile demons
  3821 | D:5      | XOM: destruction
  3824 | D:5      | XOM: smoke on damage
  3947 | D:5      | XOM: harmless Necr miscast
  4048 | D:5      | Gained mutation: You have razor-sharp teeth. [Vine Stalker growth]
  4048 | D:5      | Reached XP level 8. HP: 42/42 MP: 9/9
  4106 | D:5      | XOM: scenery: 2 doors open
  4107 | D:5      | XOM: mild Chrm miscast
  4168 | D:5      | XOM: give mutations
  4168 | D:5      | Gained mutation: Your body sometimes deteriorates upon taking damage. [Xom's mischief]
  4168 | D:5      | Gained mutation: You are partially covered in yellow scales. (AC +2) [Xom's mischief]
  4168 | D:5      | Gained mutation: You are weak. (Str -2) [Xom's mischief]
  4168 | D:5      | Gained mutation: You are agile. (Dex +2) [Xom's mischief]
  4203 | D:5      | XOM: silly message
  4232 | D:5      | XOM: silly message
  4253 | D:5      | Reached skill level 6 in Short Blades
  4344 | D:5      | XOM: potion effect (agility)
  4383 | D:6      | XOM: summons 2 friendly demons
  4388 | D:6      | Reached skill level 5 in Fighting
  4632 | D:6      | XOM: harmless Tmut miscast
  4645 | D:6      | Reached XP level 9. HP: 47/47 MP: 10/10
  4683 | D:6      | XOM: summons friendly white imp
  4684 | D:6      | Reached skill level 7 in Short Blades
  4694 | D:6      | XOM: 2-stop teleportation journey
  4712 | D:6      | XOM: summons friendly iron imp
  4715 | D:6      | XOM: enchant monster (bad)
  4782 | D:6      | XOM: god gift: curved jewelled staff {god gift}
  4797 | D:6      | XOM: harmless Pois miscast
  4850 | D:6      | Reached skill level 5 in Armour
  4948 | D:6      | Reached skill level 8 in Short Blades
  4978 | D:6      | XOM: give mutations
  4978 | D:6      | Gained mutation: You are dopey. (Int -2) [Xom's mischief]
  4978 | D:6      | Lost mutation: You are agile. (Dex +2) [Xom's mischief]
  5001 | D:6      | XOM: polymorph bullfrog -> worm
  5020 | D:6      | Found a burning altar of Makhleb.
  5021 | D:6      | Found a white marble altar of Elyvilon.
  5030 | D:6      | XOM: scenery: create altars
  5097 | D:6      | XOM: summons 2 hostile demons
  5167 | D:6      | XOM: harmless Tloc miscast
  5242 | D:7      | Reached skill level 5 in Dodging
  5243 | D:7      | XOM: noise
  5264 | D:7      | XOM: noise
  5285 | D:7      | Reached XP level 10. HP: 52/53 MP: 11/11
  5313 | D:7      | XOM: enchant monster (bad)
  5330 | D:7      | XOM: harmless Hex miscast
  5475 | D:7      | Noticed Harold
  5483 | D:7      | XOM: summons friendly quasit
  5484 | D:7      | XOM: scenery: create altars
  5502 | D:7      | XOM: 4-stop teleportation journey
  5508 | D:7      | Killed Harold
  5508 | D:7      | Reached skill level 1 in Evocations
  5602 | D:7      | Noticed Prince Ribbit
  5618 | D:7      | Killed Prince Ribbit
  5715 | D:7      | XOM: scenery: create altars
  5760 | D:7      | XOM: scenery: create altars
  6038 | D:8      | XOM: polymorph yak -> basilisk
  6048 | D:8      | XOM: potion effect (magic)
  6049 | D:8      | Reached skill level 1 in Shields
  6050 | D:8      | XOM: polymorph yak -> queen bee
  6053 | D:8      | XOM: summons friendly white imp
  6055 | D:8      | XOM: enchant monster (good)
  6058 | D:8      | XOM: summons 2 friendly demons
  6061 | D:8      | XOM: potion effect (invisibility)
  6204 | D:8      | Reached skill level 9 in Short Blades
  6401 | D:8      | Noticed Joseph
  6421 | D:8      | XOM: enchant monster (good)
  6432 | D:8      | Killed Joseph
  6609 | D:8      | XOM: scenery: 1 doors close
  6652 | D:8      | XOM: harmless Pois miscast
  6939 | D:9      | Noticed a two-headed ogre
  6940 | D:9      | XOM: confusion (+ monsters)
  6944 | D:9      | XOM: swap monsters
  6945 | D:9      | XOM: summons friendly white imp
  6961 | D:9      | Killed a two-headed ogre
  6961 | D:9      | Reached skill level 1 in Staves
  6961 | D:9      | Reached XP level 11. HP: 47/58 MP: 10/14
  7013 | D:9      | XOM: harmless Conj miscast
  7303 | D:9      | XOM: divination: magic mapping
  7369 | D:9      | XOM: mild Fire miscast
  7377 | D:9      | XOM: silly message
  7404 | D:9      | XOM: smoke on damage
  7620 | D:9      | XOM: give mutation
  7620 | D:9      | Gained mutation: You can translocate small distances at will. [Xom's mischief]
  7639 | D:9      | XOM: smoke on damage
  7655 | D:9      | Reached skill level 5 in Staves
  7660 | D:9      | XOM: polymorph killer bee -> hound
  7673 | D:9      | XOM: divination: detect creatures
  7776 | D:9      | XOM: god gift: fuming blue potion {god gift}
  7785 | D:9      | XOM: summons 3 friendly demons
  7873 | D:10     | Entered Level 10 of the Dungeon
  7909 | D:10     | Found a radiant altar of Vehumet.
  7919 | D:10     | XOM: polymorph hornet -> basilisk
  7922 | D:10     | XOM: confuse monster(s)
  7945 | D:10     | XOM: potion effect (curing)
  7988 | D:10     | XOM: enchant monster (good)
  7999 | D:10     | XOM: cleaving
  8008 | D:10     | XOM: polymorph orc -> bat
  8032 | D:10     | XOM: cast spell 'Olgreb's Toxic Radiance'
  8035 | D:10     | Killed an unseen horror
  8056 | D:10     | XOM: fog
  8072 | D:10     | XOM: smoke on damage
  8098 | D:10     | XOM: harmless Pois miscast
  8113 | D:10     | XOM: potion effect (haste)
  8124 | D:10     | XOM: summons 4 friendly demons
  8199 | D:10     | XOM: polymorph orc warrior -> tengu
  8221 | D:10     | XOM: swap monsters
  8223 | D:10     | XOM: fake destruction
  8353 | D:10     | XOM: cast spell 'Cause Fear'
  8368 | D:10     | XOM: summons friendly white imp
  8374 | D:10     | XOM: fog
  8556 | D:10     | Found a portal to a secret trove of treasure.
  8727 | D:11     | Found a labyrinth entrance.
  8733 | Lab      | Entered a labyrinth
  8901 | Lab      | Noticed a minotaur
  8906 | Lab      | XOM: harmless Ice miscast
  8908 | Lab      | XOM: harmless Summ miscast
  8912 | Lab      | XOM: harmless Necr miscast
  8914 | Lab      | XOM: divination: detect items
  8914 | Lab      | Slain by a minotaur

Skill      XL: |  1  2  3  4  5  6  7  8  9 10 11 |
---------------+----------------------------------+-----
Dodging        | 1 2 3 4 5 |  5.0
Short Blades   | 3 4 5 6 8 9 |  9.1
Fighting       | 3 4 5 6 7 |  7.3
Armour         | 2 3 4 5 7 |  7.2
Evocations     | 3 |  3.4
Shields        | 2 |  2.2
Staves         | 1 8 |  8.3

Action                   |  1- 3 |  4- 6 |  7- 9 | 10-12 || total
-------------------------+-------+-------+-------+-------++-------
Melee: Short sword       |    91 |   189 |   300 |   200 ||   780
       Bite              |    19 |    49 |   164 |   229 ||   461
       Dagger            |       |       |   106 |    35 ||   141
       Quarterstaff      |       |       |       |   524 ||   524
Evoke: Wand              |       |       |       |     3 ||     3
  Use: Scroll            |       |       |     8 |    13 ||    21
       Potion            |       |       |       |     1 ||     1
 Stab: Confused          |     3 |       |       |       ||     3
       Paralysed         |     2 |       |       |     4 ||     6
       Sleeping          |     2 |       |       |       ||     2
       Invisible         |       |       |       |     5 ||     5
       Petrified         |       |       |       |     3 ||     3
  Eat: Chunk             |    13 |       |     7 |    10 ||    30
       Ration            |       |       |       |     2 ||     2
Armor: Leather armour    |    23 |    37 |       |       ||    60
       Scale mail        |       |     6 |   118 |   259 ||   383
Dodge: Dodged            |    32 |    96 |   144 |   291 ||   563
Block: Other             |       |     1 |    54 |    82 ||   137
       Buckler           |       |       |       |    23 ||    23
